 Dungeon Crawl Stone Soup version 0.27.0-1-g7a089689b8 (webtiles) character file.

Game seed: 2974976002555185053

7 Malachi the Vexing (level 1, -2/13 HPs)
             Began as a Vampire Enchanter on Aug 17, 2021.
             Slain by a quokka (4 damage)
             ... on level 1 of the Dungeon.
             The game lasted 00:01:21 (458 turns).

Malachi the Vexing (Vampire Enchanter)               Turns: 458, Time: 00:01:22

Health: -2/13      AC:  2    Str:  7    XL:     1   Next: 83%
Magic:  3/3        EV: 12    Int: 17    God:
Gold:   14         SH:  0    Dex: 14    Spells: 3/4 levels left

rFire    . . .     SeeInvis +   a - +1 dagger
rCold    . . .     Faith    .   (no shield)
rNeg     . . .     Spirit   .   b - +0 robe
rPois    .         Reflect  .   (no helmet)
rElec    .         Harm     .   (no cloak)
rCorr    .         Rampage  .   (no gloves)
Will     .....                  (no boots)
Stlth    +++.......             (no amulet)
HPRegen  0.24/turn              (no ring)
MPRegen  0.08/turn              (no ring)

@: healing quickly
A: alive, fangs 3, see invisible, vampiric 1
a: Exsanguinate


You were on level 1 of the Dungeon.
You visited 1 branch of the dungeon, and saw 1 of its levels.

You collected 14 gold pieces.

Inventory:

Hand Weapons
 a - a +1 dagger (weapon)
Armour
 b - a +0 robe (worn)
Scrolls
 c - 2 scrolls of noise {unknown}
 d - a scroll of amnesia {unknown}


   Skills:
 + Level 1.2 Short Blades
 - Level 2.2 Dodging
 * Level 4.7 Stealth
 - Level 2.0 Spellcasting
 * Level 4.7 Hexes


You had 3 spell levels left.
You knew the following spells:

 Your Spells              Type           Power      Damage    Failure   Level
a - Corona                Hex            18%        N/A       2%          1

Your spell library contained the following spells:

 Spells                   Type           Power      Damage    Failure   Level
 Confusing Touch          Hex            17%        N/A       9%          3
 Tukima's Dance           Hex            17%        N/A       9%          3
 Ensorcelled Hibernation  Hex/Ice        18%        N/A       11%         2
 Dazzling Flash           Conj/Hex       18%        N/A       22%         3


Dungeon Overview and Level Annotations

Branches:
Dungeon (1/15)

Altars:


Innate Abilities, Weirdness & Mutations

Your natural rate of healing is accelerated.
You have razor-sharp teeth.
You have supernaturally acute eyesight. (SInv)
You are afflicted with vampirism.


Message History

You miss the quokka.
The endoplasm quivers.
The quokka barely misses you. The quokka bites you.
You hit the quokka but do no damage. The quokka misses you.
You hit the quokka. Your bite misses the quokka.
The quokka is heavily wounded.
The quokka barely misses you.
You miss the quokka.
The quokka is heavily wounded.
The quokka bites you.
You barely miss the quokka.
The quokka is heavily wounded.
The quokka bites you. The endoplasm barely misses you.
You are too injured to fight recklessly!
You are too injured to fight recklessly!
You are too injured to fight recklessly!
The quokka completely misses you. The quokka barely misses you.
The quokka bites you.
You closely miss the quokka. The quokka completely misses you.
You barely miss the quokka. The quokka barely misses you.
You closely miss the quokka. The quokka bites you.
The quokka barely misses you.
You hit the quokka but do no damage. The quokka barely misses you.
You closely miss the quokka. Your bite misses the quokka.
The quokka closely misses you. The quokka barely misses you.
You see here a +0 spear.
You barely miss the quokka. The quokka bites you.
You hit the quokka.
The quokka is moderately wounded.
The quokka bites you.
You hit the quokka.
The quokka is heavily wounded.
The quokka bites you.
* * * LOW HITPOINT WARNING * * *
You miss the quokka.
The quokka is heavily wounded.
The quokka bites you.
You die...

#.....##.# ##..##.#
#.#.#J##.# ##.##.#
#.....##.##### #.##.#
#.....##.J...# #.##.#
#.#.#.######.# #.##.#
#.....# #.# #.##.#
#.....# #J# #.##.#
#.#.#.# #r# #.#..#
#.....# #@# #.#.##
#.!...# #.# #.#.#
#.#.#.# #.####.#.####
#.
...######...........#
#
..r.#.......>†....##.#
#.####.##.....##.# #.#
#.##..#..##.# #.#
#.##.(#..##.# ###
#.##..#.....#


You could see an endoplasm and a quokka.

Vanquished Creatures
  An endoplasm (D:1)
  A hobgoblin (D:1)
  2 jackals (D:1)
  A kobold (D:1)
  A rat (D:1)
6 creatures vanquished.

Notes
Turn   | Place    | Note
-------+----------+-------------------------------------------
     0 | D:1      | Malachi the Vampire Enchanter began the quest for the Orb.
     0 | D:1      | Reached XP level 1. HP: 13/13 MP: 3/3
   458 | D:1      | Slain by a quokka

Illustrated notes

Levels and vault maps discovered:
D:1:      dpeg_arrival_rhombus, layout_loops_ring,
          dreamdust_ecumenical_altar_statues, columned_hall_lemuel,
          roderic_serpentine_path, minmay_bisected

Action                   || total
-------------------------++-------
Melee: Dagger            ||    43
       Bite              ||     2
 Stab: Sleeping          ||     2
Armor: Robe              ||     4
Dodge: Dodged            ||    29
